 Dungeon Crawl Stone Soup version 0.28-b1-25-g9875b3fc8c (webtiles) character file.

Game seed: 5919191031653234542

437 zeram the Covered (level 7, -3/61 HPs)
             Began as a Hill Orc Fighter on Feb 2, 2022.
             Slain by a gnoll shaman (7 damage)
             ... on level 6 of the Dungeon.
             The game lasted 00:04:30 (3417 turns).

zeram the Covered (Hill Orc Fighter)                Turns: 3417, Time: 00:04:30

Health: -3/61      AC:  8    Str: 21    XL:     7   Next: 1%
Magic:  7/7        EV: 10    Int:  8    God:
Gold:   124        SH:  5    Dex: 16    Spells: 6/6 levels left

rFire   . . .      SeeInvis .   g - +2 dagger (holy)
rCold   . . .      Faith    .   c - +0 buckler
rNeg    . . .      Spirit   .   b - +0 scale mail
rPois   .          Reflect  .   i - +0 helmet
rElec   .          Harm     .   (no cloak)
rCorr   .          Rampage  .   (no gloves)
Will    .....                   (no boots)
Stlth   ..........              (no amulet)
HPRegen 0.20/turn               m - +6 ring of dexterity
MPRegen 0.10/turn               (no ring)

@: studying Shields
A: no striking features
a: no special abilities


You were on level 6 of the Dungeon.
You visited 1 branch of the dungeon, and saw 5 of its levels.

You collected 124 gold pieces.

Inventory:

Hand Weapons
 a - a +1 war axe
 g - a +2 dagger of holy wrath (weapon)
Missiles
 f - a throwing net (quivered)
Armour
 b - a +0 scale mail (worn)
 c - a +0 buckler (worn)
 i - a +0 helmet (worn)
Jewellery
 m - a +6 ring of dexterity (left hand)
Scrolls
 o - a scroll of vulnerability {unknown}
 p - a scroll of fog {unknown}
Potions
 d - 2 potions of heal wounds
 e - a potion of mutation {unknown}
 j - a potion of curing
 k - a potion of attraction {unknown}
 l - a potion of ambrosia {unknown}


   Skills:
 + Level 5.2 Fighting
 - Level 3.5 Axes
 + Level 5.8 Armour
 + Level 2.1 Dodging
 + Level 5.1 Shields


You had 6 spell levels left.
You didn't know any spells.
Your spell library was empty.

Dungeon Overview and Level Annotations

Branches:
Dungeon (4/15)
 Temple: D:4-7

Altars:

Annotations:
D:6 1 runed translucent door, Crazy Yiuf


Message History

The gnoll shaman is healed somewhat.
You hit the gnoll shaman.
The gnoll shaman is severely wounded.
The gnoll shaman hits you but does no damage.
You hit the gnoll shaman.
The gnoll shaman is almost dead.
The gnoll shaman barely misses you.
You hit the gnoll shaman.
The gnoll shaman is almost dead.
The gnoll shaman prays to its god.
The gnoll shaman is healed somewhat.
You closely miss the gnoll shaman.
The gnoll shaman is severely wounded.
The gnoll shaman hits you with a +0 club.
* * * LOW HITPOINT WARNING * * *
The gnoll shaman barely misses you.
You closely miss the gnoll shaman.
The gnoll shaman is severely wounded.
You are no longer glowing.
You block the gnoll shaman's attack.
You hit the gnoll shaman but do no damage.
The gnoll shaman is severely wounded.
You hear a shout!
You block the gnoll shaman's attack.
You completely miss the gnoll shaman.
The gnoll shaman is severely wounded.
The gnoll shaman hits you with a +0 club!
* * * LOW HITPOINT WARNING * * *
You hit the gnoll shaman but do no damage.
The gnoll shaman is severely wounded.
The gnoll shaman hits you with a +0 club!
* * * LOW HITPOINT WARNING * * *
You hit the gnoll shaman.
The gnoll shaman is almost dead.
The gnoll shaman hits you with a +0 club.
* * * LOW HITPOINT WARNING * * *
You completely miss the gnoll shaman.
The gnoll shaman is almost dead.
The gnoll shaman hits you with a +0 club!
You die...

......#........#
#..# ##..
.....###.......#
#..###... ....#
##.....## #........
.... ##....#
###...####. ..#
###### #...### # ..
#..## ♣♣♣♣♣##..##
♣♣♣g♣..+....#
♣.@♣........#
#...+.♣♣♣♣........#
#)..# ♣♣.+.....#
### ♣♣##......
###....# .#.## ...#
#


You could see a gnoll shaman.

Vanquished Creatures
  A water moccasin (D:6)
  A bullfrog (D:6)
  A centaur zombie (D:6)
  An orc priest (D:3)
  A bullfrog skeleton (D:6)
  An iguana (D:6)
  An orc wizard (D:6)
  3 adders
  A howler monkey skeleton (D:6)
  A shadow imp (D:3)
  A dart slug (D:4)
  5 orcs
  6 endoplasms
  3 giant cockroaches
  9 goblins
  6 hobgoblins
  4 jackals (D:1)
  4 quokkas
  3 ball pythons (D:1)
  8 bats
  4 frilled lizards
  9 kobolds
  4 rats
78 creatures vanquished.

Notes
Turn   | Place    | Note
-------+----------+-------------------------------------------
     0 | D:1      | zeram the Hill Orc Fighter began the quest for the Orb.
     0 | D:1      | Reached XP level 1. HP: 19/19 MP: 1/1
   123 | D:1      | Reached XP level 2. HP: 18/27 MP: 2/2
   310 | D:1      | Reached XP level 3. HP: 16/33 MP: 3/3
  1192 | D:2      | Reached XP level 4. HP: 40/40 MP: 4/4
  1303 | D:2      | Found a faded altar of an unknown god.
  1824 | D:3      | Reached skill level 1 in Dodging
  1828 | D:3      | Reached XP level 5. HP: 21/47 MP: 5/5
  2615 | D:4      | You fall into a shaft and drop 2 floors!
  2615 | D:6      | Noticed a water moccasin
  2640 | D:6      | Killed a water moccasin
  2641 | D:6      | Reached skill level 5 in Armour
  2641 | D:6      | Reached XP level 6. HP: 9/55 MP: 6/6
  2978 | D:6      | Reached skill level 5 in Fighting
  3129 | D:6      | Reached skill level 5 in Shields
  3315 | D:6      | Noticed an orc warrior
  3365 | D:6      | Found a runed translucent door.
  3366 | D:6      | Noticed Crazy Yiuf
  3384 | D:6      | Reached XP level 7. HP: 21/61 MP: 7/7
  3417 | D:6      | Slain by a gnoll shaman

Illustrated notes

Levels and vault maps discovered:
D:1:      lemuel_arrival_behind_the_door_large, layout_loops_ring, minivault_4,
          st_stairs_11, chequers_arboretum
D:2:      layout_basic, basic_ecumenical_altar
D:3:      layout_loops_ring
D:4:      layout_basic, okawaru_altar_gauntlet_db,
          minmay_temple_entry_overgrown, ebering_ghost_sewer_d,
          lightli_ossuary_entry_decrepit_ruins
D:6:      layout_layer_cave, uniq_grinder, uniq_crazy_yiuf_cottage, uniq_pikel

Skill      XL: |  1  2  3  4  5  6 |
---------------+-------------------+-----
Axes           | 3 |  3.5
Fighting       | 4 5 |  5.2
Armour         | 4 5 |  5.8
Dodging        | 1 2 |  2.1
Shields        | 4 5 |  5.1

Action                   |  1- 3 |  4- 6 |  7- 9 || total
-------------------------+-------+-------+-------++-------
Melee: War axe           |    55 |       |       ||    55
       Dagger            |    53 |   211 |    32 ||   296
  Use: Potion            |     1 |     4 |       ||     5
       Scroll            |       |     5 |       ||     5
Armor: Scale mail        |    64 |    84 |     5 ||   153
Dodge: Dodged            |    52 |   105 |     7 ||   164
Block: Buckler           |    15 |    51 |     7 ||    73
